 Dungeon Crawl Stone Soup version 0.31.0-12-g77e489cdc1 (webtiles) character file.

Game seed: 16221894421053616486

53 monsoonserge the Ruffian (level 3, -1/28 HPs)
             Began as a Gnoll Shapeshifter on Feb 27, 2024.
             Was a Follower of Cheibriados.
             Slain by a gnoll
             ... wielding a +0 halberd
              (4 damage)
             ... on level 2 of the Dungeon.
             The game lasted 00:03:31 (1650 turns).

monsoonserge the Ruffian (Gnoll Shapeshifter)       Turns: 1650, Time: 00:03:32

Health: -1/28      AC: 10    Str: 17    XL:     3   Next: 89%
Magic:  4/4        EV:  6    Int: 11    God:    Cheibriados [*.....]
Gold:   90         SH:  0    Dex: 13    Spells: 4/4 levels left

rFire   . .          .
                       - Unarmed
rCold   . . .        (no shield)
rNeg    . . .        j - +0 plate armour
rPois   .            (helmet currently unavailable)
rElec   .            (cloak currently unavailable)
rCorr   .            (gloves currently unavailable)
SInv    .            (boots currently unavailable)
Will    .....        k - amulet of faith Stlth
                     (no ring)
HPRegen 0.24/turn    (no ring)
MPRegen 0.09/turn

%: faith
@: beast-form, very slow
A: beast (slay +3), fangs 1, strong nose, distributed training
a: Begin Untransformation, Renounce Religion, Bend Time


You were on level 2 of the Dungeon.
You worshipped Cheibriados.
Cheibriados was aware of your devotion.
You were a hulking beast.
You visited 1 branch of the dungeon, and saw 2 of its levels.

You collected 90 gold pieces.

Inventory:

Missiles
 m - 2 throwing nets
 n - 6 poisoned darts (quivered)
Armour
 a - a +0 animal skin
 j - a +0 plate armour (worn)
Jewellery
 k - an amulet of faith (around neck)
Talismans
 c - a beast talisman
 d - a flux talisman
Scrolls
 e - 3 scrolls of teleportation {unknown}
 g - a scroll of immolation {unknown}
 h - a scroll of noise {unknown}
 l - a scroll of identify {unknown}
 o - a scroll of blinking {unknown}
Potions
 b - a potion of lignification
 f - a potion of ambrosia {unknown}
 i - a potion of heal wounds {unknown}


   Skills:
 + Level 2.7 Fighting
 + Level 1.0 Short Blades
 + Level 1.0 Long Blades
 + Level 1.0 Axes
 + Level 1.0 Maces & Flails
 + Level 1.0 Polearms
 + Level 1.0 Staves
 + Level 1.0 Ranged Weapons
 + Level 1.0 Throwing
 + Level 1.0 Armour
 + Level 4.6 Dodging
 + Level 1.0 Stealth
 + Level 1.0 Shields
 + Level 6.5 Unarmed Combat
 + Level 1.0 Spellcasting
 + Level 0.7 Conjurations
 + Level 0.7 Hexes
 + Level 0.7 Summonings
 + Level 0.7 Necromancy
 + Level 0.7 Translocations
 + Level 0.7 Fire Magic
 + Level 0.7 Ice Magic
 + Level 0.7 Air Magic
 + Level 0.7 Earth Magic
 + Level 0.7 Alchemy
 + Level 1.1 Invocations
 + Level 1.0 Evocations
 + Level 6.5 Shapeshifting


You had 4 spell levels left.
You didn't know any spells.
Your spell library was empty.

Dungeon Overview and Level Annotations

Branches:
Dungeon (2/15)

Altars:
Cheibriados


Innate Abilities, Weirdness & Mutations

You are a hulking beast.
Your limbs bulge with bestial killing power. (Slay +3)
You have very sharp teeth.
Your uncanny sense of smell can sniff out nearby items.
Your experience applies equally to all skills.


Message History

You struggle against the net.
You struggle against the net.
You rip the net and break free!
The gnoll hits you but does no damage.
You punch the gnoll!
The gnoll is severely wounded.
The gnoll hits you but does no damage.
You punch the gnoll!
You kill the gnoll!
Cheibriados appreciates the change of pace.
Your Short Blades skill increases to level 1!
Your Long Blades skill increases to level 1!
Your Axes skill increases to level 1!
Your Maces & Flails skill increases to level 1!
Your Polearms skill increases to level 1!
Your Staves skill increases to level 1!
Your Ranged Weapons skill increases to level 1!
Your Throwing skill increases to level 1!
Your Armour skill increases to level 1!
Your Stealth skill increases to level 1!
Your Shields skill increases to level 1!
Your Spellcasting skill increases to level 1!
Your Evocations skill increases to level 1!
The gnoll completely misses you.
You barely miss the gnoll. You bite the gnoll.
The gnoll is lightly wounded.
The gnoll barely misses you. x2
You closely miss the gnoll.
The gnoll is lightly wounded.
The gnoll barely misses you. The gnoll hits you with a +0 halberd!
You hit the gnoll.
The gnoll is lightly wounded.
The gnoll hits you from afar with a +0 spear.
The gnoll hits you with a +0 halberd!
* * * LOW HITPOINT WARNING * * *
You punch the gnoll!
The gnoll is almost dead.
The gnoll hits you from afar with a +0 spear.
* * * LOW HITPOINT WARNING * * *
The gnoll hits you with a +0 halberd.
You die...

#.# #........
#.# ##.##.##.
. #.# #.##.##.
#.## #.#
#.##.##. .....
#.# ###.##.##.
.....g####
#.###......##.
......)g.#
#..........##.
......##g#
#####.....###.
..... #h#
#<....###.
.... #.#
#......<.. ...
#.# #########.
.. #.#######
#. ##### #
######........
## #...#
#.....########
#...# #.....#
#...# #.....#
#...# #.....#


You could see 2 gnolls.

Vanquished Creatures
  Robin (D:2)
  A gnoll (D:2)
  A dart slug (D:1)
  A ribbon worm (D:2)
  2 endoplasms (D:1)
  6 goblins (D:2)
  4 hobgoblins
  A kobold (D:1)
  2 quokkas (D:2)
  2 ball pythons
  2 bats
  A frilled lizard (D:2)
  3 rats
27 creatures vanquished.

Notes
Turn   | Place    | Note
-------+----------+-------------------------------------------
     0 | D:1      | monsoonserge the Gnoll Shapeshifter began the quest for the
                  | Orb.
     0 | D:1      | Reached XP level 1. HP: 17/17 MP: 1/1
   157 | D:1      | Reached XP level 2. HP: 20/23 MP: 2/2
   989 | D:2      | Found a snail-covered altar of Cheibriados.
  1000 | D:2      | Became a worshipper of Cheibriados the Contemplative
  1353 | D:2      | Noticed Robin
  1365 | D:2      | Reached XP level 3. HP: 21/28 MP: 3/3
  1401 | D:2      | Found a faded altar of an unknown god.
  1417 | D:2      | Killed Robin
  1418 | D:2      | Reached skill level 1 in Invocations
  1510 | D:2      | Reached * piety under Cheibriados
  1643 | D:2      | Reached skill level 1 in Short Blades
  1643 | D:2      | Reached skill level 1 in Long Blades
  1643 | D:2      | Reached skill level 1 in Axes
  1643 | D:2      | Reached skill level 1 in Maces & Flails
  1643 | D:2      | Reached skill level 1 in Polearms
  1643 | D:2      | Reached skill level 1 in Staves
  1643 | D:2      | Reached skill level 1 in Ranged Weapons
  1643 | D:2      | Reached skill level 1 in Throwing
  1643 | D:2      | Reached skill level 1 in Armour
  1643 | D:2      | Reached skill level 1 in Stealth
  1643 | D:2      | Reached skill level 1 in Shields
  1643 | D:2      | Reached skill level 1 in Spellcasting
  1643 | D:2      | Reached skill level 1 in Evocations
  1650 | D:2      | Slain by a gnoll

Illustrated notes

Levels and vault maps discovered:
D:1:      dpeg_arrival_orchard, layout_basic, nrook_uturn,
          chequers_decorated_corner
D:2:      layout_basic, basic_altar, hellmonk_ecumenical_altar_heavens_door,
          uniq_robin

Skill      XL: |  1  2  3 |
---------------+----------+-----
Invocations    | 1 |  1.1
Short Blades   | 1 |  1.0
Long Blades    | 1 |  1.0
Axes           | 1 |  1.0
Maces & Flails | 1 |  1.0
Polearms       | 1 |  1.0
Staves         | 1 |  1.0
Ranged Weapons | 1 |  1.0
Throwing       | 1 |  1.0
Armour         | 1 |  1.0
Stealth        | 1 |  1.0
Shields        | 1 |  1.0
Spellcasting   | 1 |  1.0
Evocations     | 1 |  1.0
Fighting       | |  2.7
Dodging        | |  4.6
Unarmed Combat | |  6.5
Conjurations   | |  0.7
Hexes          | |  0.7
Summonings     | |  0.7
Necromancy     | |  0.7
Translocations | |  0.7
Fire Magic     | |  0.7
Ice Magic      | |  0.7
Air Magic      | |  0.7
Earth Magic    | |  0.7
Alchemy        | |  0.7
Shapeshifting  | |  6.5

Action                     || total
---------------------------++-------
  Melee: Unarmed           ||    55
         Bite              ||     6
         Punch             ||     3
   Stab: Sleeping          ||     1
 Armour: Animal skin       ||    21
         Plate armour      ||    11
  Dodge: Dodged            ||    22
